 Dungeon Crawl Stone Soup version 0.28-b1-1-g3c77fb2ed1 (webtiles) character file.

Game seed: 1680649562808640136

414 Radix the Cudgeller (level 6, -1/47 (62) HPs)
             Began as a Troll Berserker on Jan 29, 2022.
             Was a Believer of Trog.
             Slain by Edmund (5 damage)
             ... on level 4 of the Dungeon.
             The game lasted 00:24:59 (3651 turns).

Radix the Cudgeller (Troll Berserker)               Turns: 3651, Time: 00:25:00

HP:   -1/47 (62)    AC:  5    Str: 28    XL:     6   Next: 60%
MP:   5/5           EV: 10    Int:  3    God:    Trog [**....]
Gold: 161           SH:  0    Dex:  9    Spells: 5/5 levels left

rFire   . . .      SeeInvis .   a - +0 mace
rCold   . . .      Faith    .   (no shield)
rNeg    . . .      Spirit   .   b - +0 animal skin
rPois   .          Reflect  .   (helmet restricted)
rElec   .          Harm     .   l - +0 cloak
rCorr   .          Rampage  .   (gloves unavailable)
Will    ++...                   (boots unavailable)
Stlth   +.........              (no amulet)
HPRegen 1.95/turn               (no ring)
MPRegen 0.09/turn               (no ring)

@: strong-willed, on berserk cooldown, regenerating, slowed, heavily drained,
very slow
A: large, unfitting armour, claws 3, regeneration 1, shaggy fur 1, tough skin 1
a: Renounce Religion, Berserk, Trog's Hand


You were on level 4 of the Dungeon.
You worshipped Trog.
Trog was pleased with you.
You visited 1 branch of the dungeon, and saw 4 of its levels.

You collected 161 gold pieces.

Inventory:

Hand Weapons
 a - a +0 mace (weapon)
Armour
 b - a +0 animal skin (worn)
 l - a +0 cloak (worn)
Jewellery
 w - a +4 ring of slaying
Wands
 p - a wand of acid (9)
 s - a wand of iceblast (4)
Scrolls
 c - 3 scrolls of identify {unknown}
 d - 3 scrolls of teleportation {unknown}
 i - a scroll of enchant armour {unknown}
 j - a scroll of enchant weapon {unknown}
 n - a scroll of immolation {unknown}
 o - a scroll of noise {unknown}
 r - 2 scrolls of holy word {unknown}
 t - a scroll of vulnerability {unknown}
 u - a scroll of blinking {unknown}
 x - a scroll of silence {unknown}
Potions
 e - a potion of flight {unknown}
 f - 2 potions of degeneration {unknown}
 g - a potion of cancellation {unknown}
 h - 2 potions of brilliance {unknown}
 k - a potion of curing {unknown}
 m - 2 potions of might {unknown}
 q - a potion of haste {unknown}
 v - a potion of heal wounds {unknown}


   Skills:
 + Level 3.7 Fighting
 + Level 5.1 Maces & Flails
 + Level 3.7 Dodging
 + Level 0.1 Stealth


You had 5 spell levels left.
You didn't know any spells.
Your spell library was empty.

Dungeon Overview and Level Annotations

Branches:
Dungeon (4/15)             Temple (0/1) D:4

Altars:
Qazlal

Annotations:
D:4 Edmund


Innate Abilities, Weirdness & Mutations

You are too large for most types of armour.
You have claws for hands.
Your natural rate of healing is unusually fast.
You are covered in fur. (AC +1)
You have tough skin. (AC +1)


Message History

Edmund is heavily wounded.
Edmund hits you with a +3 flail of draining!
You feel drained.
You closely miss Edmund.
Edmund is heavily wounded.
You closely miss Edmund.
Edmund is heavily wounded.
Edmund hits you but does no damage.
You feel drained.
You barely miss Edmund.
Edmund is heavily wounded.
Edmund hits you with a +3 flail of draining!
You feel drained.
You hit Edmund.
Edmund is heavily wounded.
Edmund completely misses you.
You hit Edmund but do no damage.
Edmund is heavily wounded.
Edmund closely misses you.
You closely miss Edmund.
Edmund is heavily wounded.
You hit Edmund.
Edmund is heavily wounded.
You are no longer berserk.
You are exhausted.
You feel yourself slow down.
Edmund hits you with a +3 flail of draining!
* * * LOW HITPOINT WARNING * * *
You feel drained.
* * * LOW HITPOINT WARNING * * *
You closely miss Edmund.
Edmund is heavily wounded.
Edmund barely misses you.
Edmund hits you with a +3 flail of draining!
* * * LOW HITPOINT WARNING * * *
You feel drained.
* * * LOW HITPOINT WARNING * * *
Your skin crawls.
You feel strong-willed.
Edmund hits you with a +3 flail of draining.
You die...

#.##.....#.##
#.........#.########
#.##.....###........
#.###...#.#.########
#.# ######.## #.#
#.# #.# #.# #.# #.#
#.########@#
####..........@....#
#..........#######.#
#.##.#######
#.##.### #.#....##
#.......##
#......#.#
#.......##


You could see Edmund.

Vanquished Creatures
  A phantom (D:4)
  A scorpion (D:4)
  2 water moccasin skeletons (D:4)
  Crazy Yiuf (D:2)
  2 hound skeletons (D:4)
  5 adders
  3 dart slugs
  11 ball pythons
  9 endoplasms
  2 giant cockroaches
  5 goblins
  4 hobgoblins
  13 jackals
  4 quokkas
  5 bats
  2 frilled lizards
  8 kobolds
  7 rats
85 creatures vanquished.

Vanquished Creatures (others)
  A plant (D:1)
1 creature vanquished.

Grand Total: 86 creatures vanquished

Notes
Turn   | Place    | Note
-------+----------+-------------------------------------------
     0 | D:1      | Radix the Troll Berserker began the quest for the Orb.
     0 | D:1      | Reached XP level 1. HP: 22/22 MP: 0/0
   156 | D:1      | Reached XP level 2. HP: 28/29 MP: 1/1
   217 | D:1      | Reached skill level 3 in Maces & Flails
   999 | D:1      | Reached XP level 3. HP: 36/36 MP: 2/2
  1512 | D:2      | Found a faded altar of an unknown god.
  1555 | D:2      | Reached ** piety under Trog
  1739 | D:2      | Reached XP level 4. HP: 31/45 MP: 3/3
  2166 | D:2      | Found a runed translucent door.
  2167 | D:2      | Noticed Crazy Yiuf
  2175 | D:2      | Killed Crazy Yiuf
  2480 | D:3      | Reached skill level 4 in Maces & Flails
  2623 | D:3      | Reached XP level 5. HP: 53/53 MP: 4/4
  3127 | D:4      | Noticed a phantom
  3137 | D:4      | Killed a phantom
  3186 | D:4      | Found a stormy altar of Qazlal.
  3359 | D:4      | Reached XP level 6. HP: 32/61 MP: 5/5
  3393 | D:4      | Found a staircase to the Ecumenical Temple.
  3518 | D:4      | Reached skill level 5 in Maces & Flails
  3569 | D:4      | Reached *** piety under Trog
  3631 | D:4      | Noticed Edmund
  3650 | D:4      | HP: 1/47 [Edmund (2)]
  3651 | D:4      | Slain by Edmund

Illustrated notes

Levels and vault maps discovered:
D:1:      nzn_arrival_depleted_hourglass, layout_basic, serial_forest,
          infiniplex_forest_lined_2, infiniplex_forest_straight_2,
          infiniplex_forest_clump_small, infiniplex_forest_lined_3_way,
          infiniplex_forest_clump_large, infiniplex_forest_clump_diagonal,
          infiniplex_forest_lined_2, infiniplex_forest_end_double,
          infiniplex_forest_clump_C, infiniplex_forest_lined_room_2
D:2:      layout_basic, chequers_ecumenical_altar_island,
          uniq_crazy_yiuf_cottage
D:3:      layout_loops_cross
D:4:      layout_loops_ring, grunt_temple_overflow_octagram,
          mainiacjoe_overflow_small_starburst, minmay_temple_entry_antechambers,
          minmay_puff, uniq_edmund

Skill      XL: |  1  2  3  4  5  6 |
---------------+-------------------+-----
Maces & Flails | 3 4 5 |  5.1
Fighting       | 3 |  3.7
Dodging        | 3 |  3.7
Stealth        | |  0.1

Action                   |  1- 3 |  4- 6 || total
-------------------------+-------+-------++-------
Melee: Mace              |   126 |   201 ||   327
       Punch             |     1 |     3 ||     4
Invok: Berserk           |     1 |     3 ||     4
       Trog's Hand       |       |     1 ||     1
Armor: Animal skin       |    58 |    80 ||   138
Dodge: Dodged            |    82 |   108 ||   190
